BlueJackets vs Stars

Created - Tuesday, December 22, 2015 at 02:22

Goals
1 2 3 T
BlueJackets 1 1 0 2
Stars 2 1 4 7
Shots
1 2 3 T
BlueJackets 10 9 6 25
Stars 10 8 16 34

1st period

1. BlueJackets , Sam Gagner 10 (Matt Nieto, Seth Helgeson) at 1:35 (PP)
2. Stars , Daniel Paille 6 (Alexander Wennberg, Devin Setoguchi) at 1:53
3. Stars , Alexander Wennberg 9 (Jamie Oleksiak, Devin Setoguchi) at 2:39

Penalties :
Mike Richards (Dal) for Hooking (Minor) at 0:41, Matt Tennyson (Dal) for Tripping (Minor) at 4:46, Teddy Purcell (Clb) for Interference (Minor) at 11:50

2nd period

4. Stars , Alexander Wennberg 10 (Devin Setoguchi, Daniel Paille) at 0:55
5. BlueJackets , Patrick Wiercioch 10 (Ryane Clowe) at 13:25 (SH)

Penalties :
Derek Dorsett (Clb) for Holding (Minor) at 12:50

3rd period

6. Stars , Alexandre Burrows 4 (Casey Cizikas) at 1:06
7. Stars , Jamie Oleksiak 6 (Casey Cizikas, Brett Ritchie) at 1:42 (PP)
8. Stars , Casey Cizikas 4 (Alexandre Burrows, Matt Tennyson) at 3:14
9. Stars , Devin Setoguchi 6 (Erik Haula) at 18:39 (PP)

Penalties :
Teddy Purcell (Clb) for Hooking (Minor) at 1:09, Alexandre Burrows (Dal) for Hooking (Minor) at 6:40, Devin Setoguchi (Dal) for High sticking (Minor) at 10:33, John Moore (Dal) for Hooking (Minor) at 13:38, Chris Thorburn (Clb) for Hooking (Minor) at 17:22

Goalie Stats

Joni Ortio (Clb), 7 saves from 8 shots - (0.875), 16:46 minutes
Anders Lindback (Clb), 20 saves from 26 shots - (0.769), L, 0-5-0, 43:14 minutes
Tom McCollum (Dal), 23 saves from 25 shots - (0.920), W, 3-12-0, 60:00 minutes

Players Stats for BlueJackets

Player Name              G  A  P  +/- PIM S  H  SB GA TA FO     MP     PP MP  PK MP  
------------------------------------------------------------------------------------
Andrej Meszaros          0  0  0  -1  0   1  1  0  1  2  0/0    24:53   4:39   3:49 
Brian Dumoulin           0  0  0   0  0   1  1  2  0  1  0/0    18:20   4:11   0:00 
Chad Ruhwedel            0  0  0   0  0   0  2  2  0  1  0/0    14:49   0:00   1:59 
Chris Thorburn           0  0  0   0  2   0  0  0  0  0  0/0    19:38   4:19   1:25 
Derek Dorsett            0  0  0  -3  2   0  4  0  1  2  0/0    13:49   0:24   1:40 
Drew Shore               0  0  0  -3  0   1  0  0  5  1  5/13   15:42   4:19   0:00 
Kevin Connauton          0  0  0   0  0   0  0  0  0  0  0/0     0:00   0:00   0:00 
Magnus Paajarvi          0  0  0  -1  0   0  0  0  0  0  1/3     9:37   0:00   0:00 
Matt Nieto               0  1  1  -1  0   5  2  0  2  2  0/0    14:55   4:07   0:00 
Nick Shore               0  0  0  -1  0   0  0  1  1  0  2/3    11:10   0:24   0:25 
Patrick Wiercioch        1  0  1  -1  0   3  2  0  3  0  0/0    24:53   4:39   3:49 
Raphael Diaz             0  0  0  -3  0   0  0  0  0  0  0/0    14:04   0:00   0:00 
Ryan Garbutt             0  0  0   0  0   3  3  0  1  2  0/0    17:54   4:43   0:00 
Ryane Clowe              0  1  1  -2  0   2  2  0  1  1  3/6    18:41   0:52   5:23 
Sam Gagner               1  0  1  -2  0   5  2  1  3  0  8/15   21:28   3:15   0:00 
Seth Helgeson            0  1  1  -3  0   1  1  1  0  4  0/0    23:01   4:11   1:59 
Teddy Purcell            0  0  0   0  4   0  0  0  0  1  1/2    18:33   4:07   2:43 
Victor Rask              0  0  0   0  0   3  0  0  2  0  6/12   12:41   0:00   0:00 

Players Stats for Stars

Player Name              G  A  P  +/- PIM S  H  SB GA TA FO     MP     PP MP  PK MP  
------------------------------------------------------------------------------------
Aaron Johnson            0  0  0   1  0   0  0  0  0  0  0/0     9:22   0:00   1:50 
Alex Petrovic            0  0  0   2  0   3  2  3  1  1  0/0    24:27   3:18   5:08 
Alexander Wennberg       2  1  3   3  0   5  1  0  3  0  9/14   14:48   0:00   0:00 
Alexandre Burrows        1  1  2   2  2   4  1  0  0  0  0/0    11:31   0:00   0:00 
Brett Ritchie            0  1  1  -1  0   3  3  0  2  0  3/8    20:23   3:54   4:55 
Casey Cizikas            1  2  3   1  0   2  0  0  6  2  5/10   18:15   3:54   2:41 
Daniel Paille            1  1  2   3  0   1  0  1  0  0  0/0    19:20   1:54   2:04 
Devin Setoguchi          1  3  4   3  2   4  1  0  2  0  0/0    17:02   1:54   0:00 
Erik Haula               0  1  1   2  0   0  1  1  1  0  4/7    18:12   1:54   4:37 
Gabriel Bourque          0  0  0  -1  0   2  3  1  1  2  0/2    15:19   3:54   3:23 
Jamie Oleksiak           1  1  2   1  0   3  6  0  0  2  0/0    25:35   2:30   3:57 
John Moore               0  0  0   1  2   2  3  2  1  1  0/0    26:54   2:30   2:27 
Jonathan Drouin          0  0  0   0  0   1  0  0  1  0  0/0     7:04   0:00   0:00 
Manny Malhotra           0  0  0   0  0   0  0  1  0  0  3/6    11:12   0:00   0:00 
Matt Tennyson            0  1  1   2  2   2  1  1  0  2  0/0    23:36   3:18   4:18 
Mike Richards            0  0  0   0  2   2  3  1  4  0  4/7    17:50   0:00   0:00 
Patrik Nemeth            0  0  0   0  0   0  0  0  0  0  0/0     0:00   0:00   0:00 
Ryan Wilson              0  0  0   1  0   0  0  0  0  0  0/0    10:15   0:00   0:00 

3 Stars

1 - Alexander Wennberg (Dal)
2 - Devin Setoguchi (Dal)
3 - Jamie Oleksiak (Dal)

Power Play

BlueJackets - 1 on 5 Attempt(s) - 20.00%
Stars - 2 on 4 Attempt(s) - 50.00%

Penalty Kill

BlueJackets - 2 on 4 Attempt(s) - 50.00% - Score 1 goal in Penalty Kill
Stars - 4 on 5 Attempt(s) - 80.00% - Score 0 goal in Penalty Kill

Team Stat

BlueJackets - Hits : 20 - Faceoff Wins : 26 - Blocked Shots : 7 - Penalty Minutes : 8
Stars - Hits : 25 - Faceoff Wins : 28 - Blocked Shots : 11 - Penalty Minutes : 10

Official

Referees : Unknown
Linesman : Unknown

Game Notes

9:48 of 2nd period - Stars goal is going for a video replay. After video review, No Goal. The net was displaced accidentally.
Joni Ortio enters game at 3:14 of 3rd period

Finance

Level 1 -- Attendance: 4345 (72.42%) -- Ticket Income $434,500
Level 2 -- Attendance: 3756 (75.12%) -- Ticket Income $225,360
Level 3 -- Attendance: 1542 (77.10%) -- Ticket Income $53,970
Level 4 -- Attendance: 3047 (76.18%) -- Ticket Income $60,940
Luxury Box -- Attendance: 766 (76.60%) -- Ticket Income $153,200
Game was played at the American Airlines Arena.
Total Attendance: 13456 (74.76%)
Total Ticket Income: $927,970
Other Income: $454,705
Total Income: $1,382,675

BlueJackets

5 vs 5 Forward 
   Center                   Left Wing                Right Wing               Time % Phy DF OF 
 1 Sam Gagner               Teddy Purcell            Matt Nieto               35     1   2  2  
 2 Victor Rask              Ryan Garbutt             Chris Thorburn           30     1   2  2  
 3 Drew Shore               Ryane Clowe              Derek Dorsett            22     1   2  2  
 4 Magnus Paajarvi          Nick Shore               Sam Gagner               13     1   2  2  

5 vs 5 Defense 
   Defense                  Defense                                           Time % Phy DF OF 
 1 Andrej Meszaros          Patrick Wiercioch                                 35     1   2  2  
 2 Raphael Diaz             Seth Helgeson                                     30     1   2  2  
 3 Brian Dumoulin           Chad Ruhwedel                                     22     1   2  2  
 4 Andrej Meszaros          Patrick Wiercioch                                 13     1   2  2  

PowerPlay Forward 
   Center                   Left Wing                Right Wing               Time % Phy DF OF 
 1 Sam Gagner               Teddy Purcell            Matt Nieto               60     1   2  2  
 2 Drew Shore               Ryan Garbutt             Chris Thorburn           40     1   2  2  

PowerPlay Defense
   Defense                  Defense                                           Time % Phy DF OF 
 1 Andrej Meszaros          Patrick Wiercioch                                 60     1   2  2  
 2 Brian Dumoulin           Seth Helgeson                                     40     1   2  2  

Penalty Kill 4 Players Forward 
   Center                   Wing                     Time % Phy DF OF 
 1 Ryane Clowe              Teddy Purcell            60     1   2  2  
 2 Sam Gagner               Matt Nieto               40     1   2  2  

Penalty Kill 4 Players Defense
   Defense                  Defense                  Time % Phy DF OF 
 1 Andrej Meszaros          Patrick Wiercioch        60     1   2  2  
 2 Chad Ruhwedel            Seth Helgeson            40     1   2  2  

Penalty Kill - 3 Players Forward 
   Forward                                           Time % Phy DF OF 
 1 Matt Nieto                                        60     1   2  2  
 2 Teddy Purcell                                     40     1   2  2  

Penalty Kill - 3 Players Defense
   Defense                  Defense                  Time % Phy DF OF 
 1 Chad Ruhwedel            Patrick Wiercioch        60     1   2  2  
 2 Andrej Meszaros          Seth Helgeson            40     1   2  2  

4 vs 4 Forward 
   Center                   Wing                     Time % Phy DF OF 
 1 Ryan Garbutt             Teddy Purcell            60     1   2  2  
 2 Ryane Clowe              Matt Nieto               40     1   2  2  

4 vs 4 Defense
   Defense                  Defense                  Time % Phy DF OF 
 1 Brian Dumoulin           Patrick Wiercioch        60     1   2  2  
 2 Andrej Meszaros          Seth Helgeson            40     1   2  2  

Last Minutes Offensive
   Center                   Left Wing                Right Wing               Defense                  Defense                  
   Sam Gagner               Teddy Purcell            Matt Nieto               Andrej Meszaros          Patrick Wiercioch        

Last Minutes Defensive
   Center                   Left Wing                Right Wing               Defense                  Defense                  
   Sam Gagner               Teddy Purcell            Matt Nieto               Andrej Meszaros          Patrick Wiercioch        

Goaltenders
Starting : Anders Lindback          
Backup : Joni Ortio               

Extra Forwards
Normal : Ryane Clowe, Drew Shore, Teddy Purcell - PP : Ryane Clowe, Drew Shore - PK : Teddy Purcell
Extra Defensemen
Normal : Brian Dumoulin, Chad Ruhwedel, Patrick Wiercioch - PP : Brian Dumoulin - PK : Chad Ruhwedel, Patrick Wiercioch
Penalty Shots
Chris Thorburn, Teddy Purcell, Drew Shore, Matt Nieto, Ryan Garbutt

Stars

5 vs 5 Forward 
   Center                   Left Wing                Right Wing               Time % Phy DF OF 
 1 Manny Malhotra           Mike Richards            Brett Ritchie            35     1   2  2  
 2 Alexander Wennberg       Daniel Paille            Devin Setoguchi          30     1   2  2  
 3 Casey Cizikas            Erik Haula               Alexandre Burrows        22     1   2  2  
 4 Mike Richards            Gabriel Bourque          Jonathan Drouin          13     1   2  2  

5 vs 5 Defense 
   Defense                  Defense                                           Time % Phy DF OF 
 1 Jamie Oleksiak           John Moore                                        35     1   2  2  
 2 Alex Petrovic            Matt Tennyson                                     30     1   2  2  
 3 Ryan Wilson              John Moore                                        22     1   2  2  
 4 Aaron Johnson            Jamie Oleksiak                                    13     1   2  2  

PowerPlay Forward 
   Center                   Left Wing                Right Wing               Time % Phy DF OF 
 1 Brett Ritchie            Casey Cizikas            Gabriel Bourque          60     1   2  2  
 2 Erik Haula               Daniel Paille            Devin Setoguchi          40     1   2  2  

PowerPlay Defense
   Defense                  Defense                                           Time % Phy DF OF 
 1 Jamie Oleksiak           John Moore                                        60     1   2  2  
 2 Alex Petrovic            Matt Tennyson                                     40     1   2  2  

Penalty Kill 4 Players Forward 
   Center                   Wing                     Time % Phy DF OF 
 1 Erik Haula               Brett Ritchie            60     1   2  2  
 2 Gabriel Bourque          Casey Cizikas            40     1   2  2  

Penalty Kill 4 Players Defense
   Defense                  Defense                  Time % Phy DF OF 
 1 Jamie Oleksiak           John Moore               60     1   2  2  
 2 Alex Petrovic            Matt Tennyson            40     1   2  2  

Penalty Kill - 3 Players Forward 
   Forward                                           Time % Phy DF OF 
 1 Casey Cizikas                                     60     1   2  2  
 2 Gabriel Bourque                                   40     1   2  2  

Penalty Kill - 3 Players Defense
   Defense                  Defense                  Time % Phy DF OF 
 1 Jamie Oleksiak           John Moore               60     1   2  2  
 2 Alex Petrovic            Matt Tennyson            40     1   2  2  

4 vs 4 Forward 
   Center                   Wing                     Time % Phy DF OF 
 1 Brett Ritchie            Erik Haula               60     1   2  2  
 2 Gabriel Bourque          Casey Cizikas            40     1   2  2  

4 vs 4 Defense
   Defense                  Defense                  Time % Phy DF OF 
 1 Jamie Oleksiak           John Moore               60     1   2  2  
 2 Alex Petrovic            Matt Tennyson            40     1   2  2  

Last Minutes Offensive
   Center                   Left Wing                Right Wing               Defense                  Defense                  
   Manny Malhotra           Mike Richards            Brett Ritchie            Jamie Oleksiak           John Moore               

Last Minutes Defensive
   Center                   Left Wing                Right Wing               Defense                  Defense                  
   Manny Malhotra           Mike Richards            Brett Ritchie            Jamie Oleksiak           John Moore               

Goaltenders
Starting : Tom McCollum             
Backup : Justin Peters            

Extra Forwards
Normal : Erik Haula, Gabriel Bourque, Brett Ritchie - PP : Erik Haula, Gabriel Bourque - PK : Gabriel Bourque
Extra Defensemen
Normal : Ryan Wilson, John Moore, Aaron Johnson - PP : Ryan Wilson - PK : Jamie Oleksiak, Aaron Johnson
Penalty Shots
Gabriel Bourque, Erik Haula, Brett Ritchie, Casey Cizikas, Mike Richards

% Time on Ice - BlueJackets

Lines # - Real PCT - Wanted PCT - Time Play
Normal Forward
1 - 28% - 35% - 12:29
2 - 29% - 30% - 13:11
3 - 22% - 22% - 10:05
4 - 21% - 13% - 9:37
Normal Defense
1 - 29% - 35% - 13:13
2 - 37% - 30% - 16:51
3 - 27% - 22% - 12:06
4 - 7% - 13% - 3:12
PP Forward
1 - 47% - 60% - 4:07
2 - 53% - 40% - 4:43
PP Defense
1 - 53% - 60% - 4:39
2 - 47% - 40% - 4:11
PK Forward
1 - 100% - 60% - 5:48
2 - 0% - 40% - 0:00
PK Defense
1 - 66% - 60% - 3:49
2 - 34% - 40% - 1:59
PK3 Forward
1 - 0% - 60%
2 - 0% - 40%
PK3 Defense
1 - 0% - 60%
2 - 0% - 40%
44 Forward
1 - 0% - 60%
2 - 0% - 40%
44 Defense
1 - 0% - 60%
2 - 0% - 40%
Last Minute Offensive  - 0:00
Last Minute Defensive  - 0:00
Total
Forward - 60:00
Defense - 60:00

% Time on Ice - Stars

Lines # - Real PCT - Wanted PCT - Time Play
Normal Forward
1 - 26% - 35% - 11:57
2 - 33% - 30% - 14:55
3 - 25% - 22% - 11:26
4 - 16% - 13% - 7:04
Normal Defense
1 - 26% - 35% - 11:43
2 - 35% - 30% - 16:01
3 - 23% - 22% - 10:15
4 - 16% - 13% - 7:23
PP Forward
1 - 67% - 60% - 3:54
2 - 33% - 40% - 1:54
PP Defense
1 - 43% - 60% - 2:30
2 - 57% - 40% - 3:18
PK Forward
1 - 88% - 60% - 7:47
2 - 12% - 40% - 1:03
PK Defense
1 - 42% - 60% - 3:42
2 - 58% - 40% - 5:08
PK3 Forward
1 - 0% - 60%
2 - 0% - 40%
PK3 Defense
1 - 0% - 60%
2 - 0% - 40%
44 Forward
1 - 0% - 60%
2 - 0% - 40%
44 Defense
1 - 0% - 60%
2 - 0% - 40%
Last Minute Offensive  - 0:00
Last Minute Defensive  - 0:00
Total
Forward - 60:00
Defense - 60:00

Play by Play

1st period


0:01 of 1st period - Brett Ritchie wins face-off versus Sam Gagner in neutral zone.
0:41 of 1st period - Minor Penalty to Mike Richards for Hooking.
0:42 of 1st period - Drew Shore wins face-off versus Erik Haula in Stars zone.
1:35 of 1st period - Slapshot by Sam Gagner.
1:35 of 1st period - Goal by Sam Gagner - BlueJackets : 1 - Stars : 0.
1:36 of 1st period - Drew Shore wins face-off versus Alexander Wennberg in neutral zone.
1:51 of 1st period - Snap shot by Alexander Wennberg.
1:51 of 1st period - Stopped by Anders Lindback with a rebound.
1:53 of 1st period - Snap shot by Daniel Paille.
1:53 of 1st period - Goal by Daniel Paille - BlueJackets : 1 - Stars : 1.
1:54 of 1st period - Victor Rask wins face-off versus Casey Cizikas in neutral zone.
2:10 of 1st period - Off-side.
2:11 of 1st period - Victor Rask wins face-off versus Casey Cizikas in neutral zone.
2:31 of 1st period - Snap shot by Alexandre Burrows.
2:31 of 1st period - Stopped by Anders Lindback without a rebound.
2:32 of 1st period - Alexander Wennberg wins face-off versus Magnus Paajarvi in BlueJackets zone.
2:35 of 1st period - Wrist shot by Devin Setoguchi.
2:35 of 1st period - Stopped by Anders Lindback with a rebound.
2:37 of 1st period - Slapshot by Jamie Oleksiak.
2:37 of 1st period - Stopped by Anders Lindback with a rebound.
2:39 of 1st period - Wrist shot by Alexander Wennberg.
2:39 of 1st period - Deflect By Nick Shore.
2:39 of 1st period - Goal by Alexander Wennberg - BlueJackets : 1 - Stars : 2.
2:40 of 1st period - Alexander Wennberg wins face-off versus Drew Shore in neutral zone.
2:45 of 1st period - Slapshot by John Moore.
2:45 of 1st period - Deflect By Ryane Clowe.
2:45 of 1st period - Stopped by Anders Lindback without a rebound.
2:46 of 1st period - Alexander Wennberg wins face-off versus Drew Shore in BlueJackets zone.
3:05 of 1st period - Snap shot by Alexander Wennberg.
3:05 of 1st period - Shot Misses the Net.
3:35 of 1st period - Wrist shot by Matt Nieto.
3:35 of 1st period - Shot Blocked by John Moore.
3:37 of 1st period - Snap shot by Sam Gagner.
3:37 of 1st period - Shot Misses the Net.
3:39 of 1st period - Wrist shot by Matt Nieto.
3:39 of 1st period - Shot Misses the Net.
3:41 of 1st period - Slapshot by Andrej Meszaros.
3:41 of 1st period - Deflect By Sam Gagner.
3:41 of 1st period - Stopped by Tom McCollum with a rebound.
3:43 of 1st period - Wrist shot by Andrej Meszaros.
3:43 of 1st period - Stopped by Tom McCollum with a rebound.
3:45 of 1st period - Snap shot by Matt Nieto.
3:45 of 1st period - Stopped by Tom McCollum without a rebound.
3:46 of 1st period - Sam Gagner wins face-off versus Manny Malhotra in Stars zone.
3:49 of 1st period - Snap shot by Matt Nieto.
3:49 of 1st period - Stopped by Tom McCollum with a rebound.
4:46 of 1st period - Minor Penalty to Matt Tennyson for Tripping.
4:47 of 1st period - Erik Haula wins face-off versus Drew Shore in Stars zone.
5:01 of 1st period - Brett Ritchie is hit by Ryan Garbutt.
5:55 of 1st period - Snap shot by Matt Nieto.
5:55 of 1st period - Stopped by Tom McCollum without a rebound.
5:56 of 1st period - Sam Gagner wins face-off versus Gabriel Bourque in Stars zone.
6:46 of 1st period - Penalty to Matt Tennyson is over, Matt Tennyson is back on ice.
8:04 of 1st period - Ryan Garbutt is hit by Mike Richards and loses puck.
10:12 of 1st period - Jamie Oleksiak is hit by Derek Dorsett and loses puck.
10:20 of 1st period - Off-side.
10:21 of 1st period - Alexander Wennberg wins face-off versus Drew Shore in neutral zone.
10:40 of 1st period - Brian Dumoulin is hit by Mike Richards and loses puck.
11:12 of 1st period - Wrist shot by Patrick Wiercioch.
11:12 of 1st period - Stopped by Tom McCollum with a rebound.
11:14 of 1st period - Wrist shot by Patrick Wiercioch.
11:14 of 1st period - Shot Misses the Net.
11:16 of 1st period - Snap shot by Ryane Clowe.
11:16 of 1st period - Stopped by Tom McCollum with a rebound.
11:44 of 1st period - Wrist shot by Devin Setoguchi.
11:44 of 1st period - Stopped by Anders Lindback without a rebound.
11:45 of 1st period - Alexander Wennberg wins face-off versus Sam Gagner in BlueJackets zone.
11:50 of 1st period - Minor Penalty to Teddy Purcell for Interference.
11:51 of 1st period - Ryane Clowe wins face-off versus Brett Ritchie in BlueJackets zone.
12:39 of 1st period - Derek Dorsett is hit by Devin Setoguchi and loses puck.
12:54 of 1st period - Slapshot by Patrick Wiercioch.
12:54 of 1st period - Stopped by Tom McCollum without a rebound.
12:55 of 1st period - Nick Shore wins face-off versus Brett Ritchie in Stars zone.
13:22 of 1st period - Gabriel Bourque is hit by Chad Ruhwedel.
13:26 of 1st period - Slapshot by John Moore.
13:26 of 1st period - Deflect By Brett Ritchie.
13:26 of 1st period - Shot Misses the Net.
13:26 of 1st period - Puck is out of play.
13:27 of 1st period - Brett Ritchie wins face-off versus Ryane Clowe in BlueJackets zone.
13:50 of 1st period - Penalty to Teddy Purcell is over, Teddy Purcell is back on ice.
14:53 of 1st period - Brian Dumoulin is hit by John Moore and loses puck.
15:28 of 1st period - Wrist shot by Alexandre Burrows.
15:28 of 1st period - Deflect By Erik Haula.
15:28 of 1st period - Shot Blocked by Chad Ruhwedel.
15:28 of 1st period - Puck is out of play.
15:29 of 1st period - Casey Cizikas wins face-off versus Victor Rask in BlueJackets zone.
16:08 of 1st period - Backhand shot by Sam Gagner.
16:08 of 1st period - Stopped by Tom McCollum without a rebound.
16:09 of 1st period - Mike Richards wins face-off versus Teddy Purcell in Stars zone.
16:14 of 1st period - Slapshot by Mike Richards.
16:14 of 1st period - Stopped by Anders Lindback without a rebound.
16:15 of 1st period - Mike Richards wins face-off versus Sam Gagner in BlueJackets zone.
16:18 of 1st period - Wrist shot by Jonathan Drouin.
16:18 of 1st period - Shot Hit the Post.
16:32 of 1st period - Snap shot by Sam Gagner.
16:32 of 1st period - Shot Misses the Net.
16:44 of 1st period - Wrist shot by Brett Ritchie.
16:44 of 1st period - Stopped by Anders Lindback with a rebound.
16:54 of 1st period - Snap shot by Mike Richards.
16:54 of 1st period - Shot Blocked by Chad Ruhwedel.
17:59 of 1st period - Victor Rask is hit by Jamie Oleksiak and loses puck.
18:34 of 1st period - Teddy Purcell is hit by Brett Ritchie and loses puck.
Goals for this period are 1 for BlueJackets vs 2 for Stars.
Shots for this period are 10 for BlueJackets vs 10 for Stars.

2nd period


0:01 of 2nd period - Manny Malhotra wins face-off versus Sam Gagner in neutral zone.
0:13 of 2nd period - Jamie Oleksiak is hit by Matt Nieto and loses puck.
0:55 of 2nd period - Snap shot by Alexander Wennberg.
0:55 of 2nd period - Goal by Alexander Wennberg - BlueJackets : 1 - Stars : 3.
0:56 of 2nd period - Casey Cizikas wins face-off versus Victor Rask in neutral zone.
1:23 of 2nd period - Snap shot by Alexandre Burrows.
1:23 of 2nd period - Stopped by Anders Lindback with a rebound.
1:25 of 2nd period - Snap shot by Alexandre Burrows.
1:25 of 2nd period - Shot Misses the Net.
1:27 of 2nd period - Slapshot by Matt Tennyson.
1:27 of 2nd period - Deflect By Victor Rask.
1:27 of 2nd period - Stopped by Anders Lindback without a rebound.
1:28 of 2nd period - Drew Shore wins face-off versus Manny Malhotra in BlueJackets zone.
1:44 of 2nd period - Manny Malhotra is hit by Derek Dorsett and loses puck.
2:28 of 2nd period - Alexander Wennberg is hit by Matt Nieto.
2:32 of 2nd period - Alex Petrovic is hit by Brian Dumoulin and loses puck.
2:45 of 2nd period - Wrist shot by Matt Nieto.
2:45 of 2nd period - Stopped by Tom McCollum with a rebound.
2:55 of 2nd period - Alex Petrovic is hit by Ryan Garbutt and loses puck.
3:00 of 2nd period - Snap shot by Victor Rask.
3:00 of 2nd period - Shot Misses the Net.
3:02 of 2nd period - Backhand shot by Raphael Diaz.
3:02 of 2nd period - Shot Misses the Net.
3:04 of 2nd period - Slapshot by Seth Helgeson.
3:04 of 2nd period - Stopped by Tom McCollum without a rebound.
3:05 of 2nd period - Victor Rask wins face-off versus Casey Cizikas in Stars zone.
3:08 of 2nd period - Wrist shot by Ryan Garbutt.
3:08 of 2nd period - Stopped by Tom McCollum without a rebound.
3:09 of 2nd period - Victor Rask wins face-off versus Casey Cizikas in Stars zone.
3:42 of 2nd period - Slapshot by Alexandre Burrows.
3:42 of 2nd period - Shot Misses the Net.
3:46 of 2nd period - Slapshot by Alexandre Burrows.
3:46 of 2nd period - Shot Misses the Net.
4:12 of 2nd period - Manny Malhotra is hit by Derek Dorsett and loses puck.
4:17 of 2nd period - Snap shot by Ryane Clowe.
4:17 of 2nd period - Stopped by Tom McCollum with a rebound.
4:19 of 2nd period - Slapshot by Ryane Clowe.
4:19 of 2nd period - Shot Blocked by Manny Malhotra.
4:21 of 2nd period - Backhand shot by Derek Dorsett.
4:21 of 2nd period - Shot Blocked by Mike Richards.
4:23 of 2nd period - Slapshot by Seth Helgeson.
4:23 of 2nd period - Deflect By Ryane Clowe.
4:23 of 2nd period - Shot Misses the Net.
4:23 of 2nd period - Puck is out of play.
4:24 of 2nd period - Sam Gagner wins face-off versus Alexander Wennberg in Stars zone.
4:25 of 2nd period - Wrist shot by Matt Nieto.
4:25 of 2nd period - Shot Misses the Net.
4:47 of 2nd period - Wrist shot by Matt Nieto.
4:47 of 2nd period - Stopped by Tom McCollum without a rebound.
4:48 of 2nd period - Mike Richards wins face-off versus Drew Shore in Stars zone.
5:13 of 2nd period - Brian Dumoulin is hit by Gabriel Bourque and loses puck.
5:38 of 2nd period - Snap shot by Sam Gagner.
5:38 of 2nd period - Shot Misses the Net.
6:10 of 2nd period - Ryan Garbutt is hit by Alexander Wennberg and loses puck.
6:19 of 2nd period - Snap shot by Victor Rask.
6:19 of 2nd period - Shot Blocked by John Moore.
6:21 of 2nd period - Snap shot by Ryan Garbutt.
6:21 of 2nd period - Stopped by Tom McCollum without a rebound.
6:22 of 2nd period - Victor Rask wins face-off versus Alexander Wennberg in Stars zone.
7:16 of 2nd period - Seth Helgeson is hit by Alex Petrovic and loses puck.
7:55 of 2nd period - Manny Malhotra is hit by Derek Dorsett and loses puck.
8:07 of 2nd period - Icing by Ryan Wilson.
8:08 of 2nd period - Manny Malhotra wins face-off versus Victor Rask in Stars zone.
8:15 of 2nd period - Ryan Garbutt is hit by John Moore and loses puck.
8:34 of 2nd period - Wrist shot by Devin Setoguchi.
8:34 of 2nd period - Stopped by Anders Lindback with a rebound.
8:36 of 2nd period - Snap shot by Alexander Wennberg.
8:36 of 2nd period - Stopped by Anders Lindback with a rebound.
8:59 of 2nd period - Alex Petrovic is hit by Ryane Clowe and loses puck.
9:08 of 2nd period - Ryane Clowe is hit by Alexandre Burrows and loses puck.
9:48 of 2nd period - Snap shot by Jonathan Drouin.
9:48 of 2nd period - Stars goal is going for a video replay.
9:48 of 2nd period - The goal is refused. The net was displaced accidentally..
9:49 of 2nd period - Mike Richards wins face-off versus Sam Gagner in BlueJackets zone.
9:52 of 2nd period - Snap shot by Jonathan Drouin.
9:52 of 2nd period - Shot Misses the Net.
10:16 of 2nd period - Wrist shot by Sam Gagner.
10:16 of 2nd period - Shot Misses the Net.
10:30 of 2nd period - Wrist shot by Sam Gagner.
10:30 of 2nd period - Stopped by Tom McCollum without a rebound.
10:31 of 2nd period - Casey Cizikas wins face-off versus Magnus Paajarvi in Stars zone.
11:56 of 2nd period - Snap shot by Jonathan Drouin.
11:56 of 2nd period - Shot Misses the Net.
11:58 of 2nd period - Wrist shot by Jamie Oleksiak.
11:58 of 2nd period - Shot Blocked by Nick Shore.
12:00 of 2nd period - Slapshot by Gabriel Bourque.
12:00 of 2nd period - Shot Blocked by Sam Gagner.
12:02 of 2nd period - Snap shot by Gabriel Bourque.
12:02 of 2nd period - Stopped by Anders Lindback with a rebound.
12:38 of 2nd period - Backhand shot by Victor Rask.
12:38 of 2nd period - Stopped by Tom McCollum with a rebound.
12:44 of 2nd period - Snap shot by Gabriel Bourque.
12:44 of 2nd period - Shot Misses the Net.
12:46 of 2nd period - Slapshot by Alex Petrovic.
12:46 of 2nd period - Deflect By Andrej Meszaros.
12:46 of 2nd period - Stopped by Anders Lindback without a rebound.
12:47 of 2nd period - Drew Shore wins face-off versus Manny Malhotra in BlueJackets zone.
12:47 of 2nd period - Drew Shore is hit by Gabriel Bourque.
12:50 of 2nd period - Minor Penalty to Derek Dorsett for Holding.
12:51 of 2nd period - Brett Ritchie wins face-off versus Ryane Clowe in BlueJackets zone.
13:25 of 2nd period - Slapshot by Patrick Wiercioch.
13:25 of 2nd period - Goal by Patrick Wiercioch - BlueJackets : 2 - Stars : 3.
13:26 of 2nd period - Erik Haula wins face-off versus Ryane Clowe in neutral zone.
14:37 of 2nd period - Slapshot by Ryane Clowe.
14:37 of 2nd period - Shot Blocked by Alex Petrovic.
14:39 of 2nd period - Slapshot by Seth Helgeson.
14:39 of 2nd period - Shot Blocked by Alex Petrovic.
14:50 of 2nd period - Penalty to Derek Dorsett is over, Derek Dorsett is back on ice.
15:10 of 2nd period - Nick Shore is hit by Jamie Oleksiak and loses puck.
15:22 of 2nd period - Icing by Derek Dorsett.
15:23 of 2nd period - Alexander Wennberg wins face-off versus Nick Shore in BlueJackets zone.
16:40 of 2nd period - Snap shot by Casey Cizikas.
16:40 of 2nd period - Deflect By Alexandre Burrows.
16:40 of 2nd period - Shot Blocked by Brian Dumoulin.
16:40 of 2nd period - Puck is out of play.
16:41 of 2nd period - Teddy Purcell wins face-off versus Alexander Wennberg in BlueJackets zone.
17:04 of 2nd period - Wrist shot by Devin Setoguchi.
17:04 of 2nd period - Shot Misses the Net.
17:06 of 2nd period - Snap shot by Alexander Wennberg.
17:06 of 2nd period - Deflect By Devin Setoguchi.
17:06 of 2nd period - Shot Blocked by Seth Helgeson.
17:06 of 2nd period - Puck is out of play.
17:07 of 2nd period - Drew Shore wins face-off versus Mike Richards in BlueJackets zone.
17:24 of 2nd period - Slapshot by Drew Shore.
17:24 of 2nd period - Shot Blocked by Gabriel Bourque.
18:01 of 2nd period - Sam Gagner is hit by Erik Haula and loses puck.
18:30 of 2nd period - Ryan Wilson is hit by Ryan Garbutt and loses puck.
19:53 of 2nd period - Chad Ruhwedel is hit by Jamie Oleksiak and loses puck.
Goals for this period are 1 for BlueJackets vs 1 for Stars.
Shots for this period are 9 for BlueJackets vs 8 for Stars.

3rd period


0:01 of 3rd period - Sam Gagner wins face-off versus Brett Ritchie in neutral zone.
0:28 of 3rd period - Snap shot by Brett Ritchie.
0:28 of 3rd period - Stopped by Anders Lindback with a rebound.
0:30 of 3rd period - Slapshot by Jamie Oleksiak.
0:30 of 3rd period - Stopped by Anders Lindback without a rebound.
0:31 of 3rd period - Alexander Wennberg wins face-off versus Victor Rask in BlueJackets zone.
0:36 of 3rd period - Wrist shot by Daniel Paille.
0:36 of 3rd period - Shot Misses the Net.
0:56 of 3rd period - Snap shot by Alexander Wennberg.
0:56 of 3rd period - Stopped by Anders Lindback with a rebound.
0:58 of 3rd period - Slapshot by Alex Petrovic.
0:58 of 3rd period - Stopped by Anders Lindback with a rebound.
1:00 of 3rd period - Slapshot by Matt Tennyson.
1:00 of 3rd period - Shot Misses the Net.
1:02 of 3rd period - Snap shot by Alex Petrovic.
1:02 of 3rd period - Stopped by Anders Lindback without a rebound.
1:03 of 3rd period - Casey Cizikas wins face-off versus Drew Shore in BlueJackets zone.
1:06 of 3rd period - Wrist shot by Alexandre Burrows.
1:06 of 3rd period - Goal by Alexandre Burrows - BlueJackets : 2 - Stars : 4.
1:07 of 3rd period - Sam Gagner wins face-off versus Mike Richards in neutral zone.
1:09 of 3rd period - Minor Penalty to Teddy Purcell for Hooking.
1:10 of 3rd period - Ryane Clowe wins face-off versus Brett Ritchie in BlueJackets zone.
1:40 of 3rd period - Wrist shot by Casey Cizikas.
1:40 of 3rd period - Shot Misses the Net.
1:42 of 3rd period - Wrist shot by Jamie Oleksiak.
1:42 of 3rd period - Goal by Jamie Oleksiak - BlueJackets : 2 - Stars : 5.
1:43 of 3rd period - Sam Gagner wins face-off versus Alexander Wennberg in neutral zone.
1:58 of 3rd period - Sam Gagner is hit by John Moore and loses puck.
2:31 of 3rd period - Derek Dorsett is hit by Mike Richards and loses puck.
2:43 of 3rd period - Raphael Diaz is hit by Brett Ritchie and loses puck.
3:14 of 3rd period - Slapshot by Casey Cizikas.
3:14 of 3rd period - Goal by Casey Cizikas - BlueJackets : 2 - Stars : 6.
3:14 of 3rd period - Joni Ortio enters game.
3:15 of 3rd period - Victor Rask wins face-off versus Casey Cizikas in neutral zone.
3:20 of 3rd period - Slapshot by Victor Rask.
3:20 of 3rd period - Shot Misses the Net.
4:07 of 3rd period - Victor Rask is hit by Alex Petrovic and loses puck.
4:18 of 3rd period - Slapshot by John Moore.
4:18 of 3rd period - Shot Blocked by Brian Dumoulin.
4:20 of 3rd period - Snap shot by Daniel Paille.
4:20 of 3rd period - Shot Misses the Net.
4:22 of 3rd period - Slapshot by John Moore.
4:22 of 3rd period - Stopped by Joni Ortio without a rebound.
4:23 of 3rd period - Manny Malhotra wins face-off versus Sam Gagner in BlueJackets zone.
4:30 of 3rd period - Backhand shot by Brett Ritchie.
4:30 of 3rd period - Stopped by Joni Ortio with a rebound.
4:48 of 3rd period - Mike Richards is hit by Sam Gagner and loses puck.
5:19 of 3rd period - Raphael Diaz is hit by Jamie Oleksiak and loses puck.
5:54 of 3rd period - Nick Shore is hit by Jamie Oleksiak and loses puck.
6:05 of 3rd period - Erik Haula is hit by Sam Gagner and loses puck.
6:22 of 3rd period - Snap shot by Ryan Garbutt.
6:22 of 3rd period - Stopped by Tom McCollum with a rebound.
6:24 of 3rd period - Snap shot by Victor Rask.
6:24 of 3rd period - Stopped by Tom McCollum with a rebound.
6:40 of 3rd period - Minor Penalty to Alexandre Burrows for Hooking.
6:41 of 3rd period - Sam Gagner wins face-off versus Erik Haula in Stars zone.
7:20 of 3rd period - Slapshot by Patrick Wiercioch.
7:20 of 3rd period - Shot Blocked by Erik Haula.
7:22 of 3rd period - Snap shot by Drew Shore.
7:22 of 3rd period - Shot Blocked by Alex Petrovic.
7:24 of 3rd period - Wrist shot by Andrej Meszaros.
7:24 of 3rd period - Shot Misses the Net.
7:36 of 3rd period - Matt Tennyson is hit by Andrej Meszaros and loses puck.
7:47 of 3rd period - Matt Nieto is hit by Brett Ritchie and loses puck.
7:56 of 3rd period - Wrist shot by Gabriel Bourque.
7:56 of 3rd period - Stopped by Joni Ortio with a rebound.
8:40 of 3rd period - Penalty to Alexandre Burrows is over, Alexandre Burrows is back on ice.
8:43 of 3rd period - Wrist shot by Chris Thorburn.
8:43 of 3rd period - Deflect By Drew Shore.
8:43 of 3rd period - Stopped by Tom McCollum with a rebound.
8:45 of 3rd period - Slapshot by Seth Helgeson.
8:45 of 3rd period - Deflect By Chris Thorburn.
8:45 of 3rd period - Shot Misses the Net.
8:45 of 3rd period - Puck is out of play.
8:46 of 3rd period - Alexander Wennberg wins face-off versus Drew Shore in Stars zone.
9:07 of 3rd period - Backhand shot by Devin Setoguchi.
9:07 of 3rd period - Shot Misses the Net.
10:16 of 3rd period - Brian Dumoulin is hit by Jamie Oleksiak and loses puck.
10:33 of 3rd period - Minor Penalty to Devin Setoguchi for High sticking.
10:34 of 3rd period - Erik Haula wins face-off versus Sam Gagner in Stars zone.
11:33 of 3rd period - Matt Tennyson is hit by Patrick Wiercioch and loses puck.
11:55 of 3rd period - Slapshot by Ryan Garbutt.
11:55 of 3rd period - Shot Blocked by Matt Tennyson.
11:57 of 3rd period - Snap shot by Brian Dumoulin.
11:57 of 3rd period - Shot Blocked by Daniel Paille.
11:59 of 3rd period - Slapshot by Brian Dumoulin.
11:59 of 3rd period - Stopped by Tom McCollum with a rebound.
12:33 of 3rd period - Penalty to Devin Setoguchi is over, Devin Setoguchi is back on ice.
13:38 of 3rd period - Minor Penalty to John Moore for Hooking.
13:39 of 3rd period - Erik Haula wins face-off versus Drew Shore in Stars zone.
14:48 of 3rd period - Casey Cizikas is hit by Patrick Wiercioch and loses puck.
15:13 of 3rd period - Slapshot by Ryan Garbutt.
15:13 of 3rd period - Deflect By Nick Shore.
15:13 of 3rd period - Shot Misses the Net.
15:13 of 3rd period - Puck is out of play.
15:14 of 3rd period - Nick Shore wins face-off versus Erik Haula in Stars zone.
15:35 of 3rd period - Wrist shot by Sam Gagner.
15:35 of 3rd period - Stopped by Tom McCollum without a rebound.
15:36 of 3rd period - Sam Gagner wins face-off versus Gabriel Bourque in Stars zone.
15:38 of 3rd period - Penalty to John Moore is over, John Moore is back on ice.
15:55 of 3rd period - Gabriel Bourque is hit by Ryane Clowe and loses puck.
16:02 of 3rd period - Brian Dumoulin is hit by Gabriel Bourque and loses puck.
16:25 of 3rd period - Wrist shot by Alexandre Burrows.
16:25 of 3rd period - Stopped by Joni Ortio with a rebound.
16:27 of 3rd period - Snap shot by Casey Cizikas.
16:27 of 3rd period - Stopped by Joni Ortio with a rebound.
16:29 of 3rd period - Snap shot by Erik Haula.
16:29 of 3rd period - Deflect By Alexandre Burrows.
16:29 of 3rd period - Shot Misses the Net.
16:29 of 3rd period - Puck is out of play.
16:30 of 3rd period - Casey Cizikas wins face-off versus Victor Rask in BlueJackets zone.
16:49 of 3rd period - Snap shot by Mike Richards.
16:49 of 3rd period - Stopped by Joni Ortio with a rebound.
16:51 of 3rd period - Slapshot by Matt Tennyson.
16:51 of 3rd period - Stopped by Joni Ortio with a rebound.
17:22 of 3rd period - Minor Penalty to Chris Thorburn for Hooking.
17:23 of 3rd period - Ryane Clowe wins face-off versus Brett Ritchie in BlueJackets zone.
18:26 of 3rd period - Casey Cizikas is hit by Chad Ruhwedel and loses puck.
18:39 of 3rd period - Backhand shot by Devin Setoguchi.
18:39 of 3rd period - Goal by Devin Setoguchi - BlueJackets : 2 - Stars : 7.
18:40 of 3rd period - Magnus Paajarvi wins face-off versus Mike Richards in neutral zone.
19:30 of 3rd period - Backhand shot by Victor Rask.
19:30 of 3rd period - Stopped by Tom McCollum without a rebound.
19:31 of 3rd period - Alexander Wennberg wins face-off versus Victor Rask in Stars zone.
19:43 of 3rd period - Alexander Wennberg is hit by Seth Helgeson and loses puck.
19:52 of 3rd period - Victor Rask is hit by Matt Tennyson and loses puck.
Goals for this period are 0 for BlueJackets vs 4 for Stars.
Shots for this period are 6 for BlueJackets vs 16 for Stars.